 Dungeon Crawl Stone Soup version 0.19.1 (webtiles) character file.

93 kae the Insei (level 4, -2/36 HPs)
             Began as a Demonspawn Monk on Dec 17, 2016.
             Slain by a gnoll
             ... wielding a +0 whip
              (9 damage)
             ... on level 1 of the Dungeon.
             The game lasted 00:04:11 (3276 turns).

kae the Insei (Demonspawn Monk)                     Turns: 3276, Time: 00:04:12

Health: -2/36      AC:  1    Str: 11    XL:     4   Next: 36%
Magic:  4/4        EV: 14    Int: 12    God:
Gold:   112        SH:  0    Dex: 18    Spells: 0 memorised, 3 levels left

rFire  . . .     SeeInvis .       - Unarmed
rCold  . . .     Gourm    .     a - +0 robe
rNeg   . . .     Faith    .     (no shield)
rPois  .         Spirit   .     (helmet restricted)
rElec  .         Reflect  .     (no cloak)
rCorr  .         Harm     .     (no gloves)
MR     .....     Clarity  +     (no boots)
Stlth  +++.......               (no amulet)
                                (no ring)
                                (no ring)

@: no status effects
A: antennae 2, thin skeletal structure 1, clarity, deformed body
a: no special abilities


You were on level 1 of the Dungeon.
You were not hungry.

You visited 1 branch of the dungeon, and saw 2 of its levels.

You collected 112 gold pieces.

Inventory:

Armour
 a - a +0 robe (worn)
Scrolls
 d - 2 scrolls of identify {unknown}
 e - a scroll of recharging {unknown}
 f - 3 scrolls of teleportation {unknown}
 g - 2 scrolls of enchant weapon {unknown}
 i - a scroll of amnesia {unknown}
 j - a scroll of enchant armour {unknown}
 k - a scroll of remove curse {unknown}
 m - a scroll of blinking {unknown}
Potions
 c - a potion of invisibility {unknown}
 l - a potion of beneficial mutation {unknown}
Comestibles
 b - 3 bread rations
 h - a meat ration


   Skills:
 + Level 3.6 Fighting
 + Level 3.2 Dodging
 - Level 1.7 Stealth
 * Level 3.9 Unarmed Combat


You had 3 spell levels left.
You didn't know any spells.

Dungeon Overview and Level Annotations

Branches:
Dungeon (2/15)

Altars:


Innate Abilities, Weirdness & Mutations

You have a pair of antennae on your head.
You have a somewhat thin skeletal structure. (Dex +2, Stealth)
You possess an exceptional clarity of mind.
Armour fits poorly on your strangely shaped body.


Message History

You closely miss the gnoll.
The gnoll is heavily wounded.
The gnoll closely misses you.
You hit the gnoll but do no damage.
The gnoll is heavily wounded.
The gnoll hits you with a whip!
You barely miss the gnoll.
The gnoll is heavily wounded.
The gnoll completely misses you.
You hit the gnoll.
The gnoll is severely wounded.
The gnoll closely misses you.
You hit the gnoll but do no damage.
The gnoll is severely wounded.
The gnoll hits you with a whip!
* * * LOW HITPOINT WARNING * * *
You barely miss the gnoll.
The gnoll is severely wounded.
The gnoll hits you with a whip!
You die...

#####.# ##########
#############.....#
#........#####.............#####
#............#..................
#.............................##
#......................)......##
#.............................##
#.....#........##......#......##
##.....#........@g.............##
.......#........##...###.......##
#........##..........##.....##.##
................................#
.........#.......................
.........#.............>).......#
...............#.................
...###.....................(....#
...# #.............).............


You could see a gnoll.

Vanquished Creatures
  2 gnolls
  3 adders
  2 worms
  2 dart slugs
  2 ball pythons
  2 giant cockroaches (D:1)
  6 goblins
  6 hobgoblins
  2 bats
  2 frilled lizards
  2 kobolds
  8 rats
39 creatures vanquished.

Notes
Turn   | Place    | Note
-------+----------+-------------------------------------------
     0 | D:1      | kae the Demonspawn Monk began the quest for the Orb.
     0 | D:1      | Reached XP level 1. HP: 18/18 MP: 1/1
     2 | D:1      | Noticed a gargoyle
     2 | D:1      | Noticed a demonspawn
     4 | D:1      | Noticed an ogre
     4 | D:1      | Noticed a spriggan
     6 | D:1      | Noticed an elf
     6 | D:1      | Noticed a felid
     8 | D:1      | Noticed a demigod
     8 | D:1      | Noticed an octopode
    10 | D:1      | Noticed a ghoul
    12 | D:1      | Noticed a halfling
    12 | D:1      | Noticed a dwarf
    14 | D:1      | Noticed a troll
    16 | D:1      | Noticed a centaur
    16 | D:1      | Noticed a vampire
    18 | D:1      | Noticed a minotaur
    18 | D:1      | Noticed a vine stalker
    20 | D:1      | Noticed a merfolk
    20 | D:1      | Noticed a tengu
    22 | D:1      | Noticed a human
    24 | D:1      | Noticed a draconian
    24 | D:1      | Noticed a formicid
    26 | D:1      | Noticed a naga
   488 | D:1      | Gained mutation: You have a pair of small antennae on your head. [demonic ancestry]
   488 | D:1      | Reached XP level 2. HP: 9/24 MP: 2/2
  1307 | D:1      | Reached XP level 3. HP: 26/29 MP: 3/3
  1968 | D:2      | Gained mutation: Armour fits poorly on your strangely shaped body. [potion of mutation]
  1968 | D:2      | Gained mutation: You have a pair of antennae on your head. [potion of mutation]
  1968 | D:2      | Gained mutation: You possess an exceptional clarity of mind. [potion of mutation]
  2522 | D:2      | Gained mutation: You have a somewhat thin skeletal structure. (Dex +2, Stealth) [demonic ancestry]
  2522 | D:2      | Reached XP level 4. HP: 26/35 MP: 4/4
  2703 | D:2      | HP: 1/35 [gnoll/halberd (12)]
  3276 | D:1      | Slain by a gnoll

Skill      XL: |  1  2  3 |
---------------+----------+-----
Unarmed Combat | 3 |  3.9
Dodging        | 3 |  3.2
Fighting       | |  3.6
Stealth        | |  1.7

Action                   |  1- 3 |  4- 6 || total
-------------------------+-------+-------++-------
Melee: Unarmed           |   132 |    41 ||   173
       Punch             |     2 |     1 ||     3
  Use: Potion            |     2 |       ||     2
 Stab: Sleeping          |     6 |       ||     6
  Eat: Chunk             |     5 |     2 ||     7
Armor: Robe              |     9 |     4 ||    13
Dodge: Dodged            |    65 |    26 ||    91
